 Dungeon Crawl Stone Soup version 0.24-b1 (webtiles) character file.

Game seed: 10395260796987367214, levelgen mode: deterministic

47 Masnef the Sneak (level 3, -5/14 HPs)
             Began as a Felid Wizard on Oct 12, 2019.
             Slain by an orc
             ... wielding a +0 mace of protection
              (9 damage)
             ... on level 3 of the Dungeon.
             The game lasted 00:14:49 (5464 turns).

Masnef the Sneak (Felid Wizard)                     Turns: 5464, Time: 00:14:49

Health: -5/14      AC:  1    Str:  3    XL:     3   Next: 48%
Magic:  4/8        EV: 18    Int: 24    God:
Gold:   160        SH:  0    Dex: 14    Spells: 0/8 levels left
                                        Lives:  0   Deaths: 1

rFire    . . .     SeeInvis +     - Unarmed
rCold    . . .     Gourm    .   (shield unavailable)
rNeg     . . .     Faith    .   (armour unavailable)
rPois    .         Spirit   .   (helmet unavailable)
rElec    .         Reflect  .   (cloak unavailable)
rCorr    .         Harm     .   (gloves unavailable)
MR       .....                  (boots unavailable)
Stlth    +++.......             (no amulet)
HPRegen  0.04/turn              (no ring)
MPRegen  0.11/turn              (no ring)

@: quick
A: very small, no armour, no weapons or thrown items, stealth, claws 1, fangs 3,
see invisible, carnivore, clever 2, speed 1, shaggy fur 1, slow metabolism 1,
sharp paws
a: no special abilities


You were on level 3 of the Dungeon.
You were not hungry.

You visited 1 branch of the dungeon, and saw 3 of its levels.

You collected 160 gold pieces.

Inventory:

Missiles
 j - 47 arrows
Scrolls
 d - a scroll of fog {unknown}
 e - a scroll of identify
 f - a scroll of teleportation
 k - 4 scrolls of enchant armour {unknown}
 l - a scroll of remove curse {unknown}
Potions
 a - a potion of haste
 c - 2 potions of brilliance
 g - a potion of flight
Comestibles
 b - 3 rations


   Skills:
 + Level 0.2 Fighting
 + Level 3.0 Dodging
 + Level 3.5 Stealth
 * Level 2.6 Unarmed Combat
 * Level 3.4 Spellcasting
 - Level 1.0 Conjurations
 * Level 1.5 Summonings
 + Level 1.7 Translocations


You couldn't memorise any spells.
You knew the following spells:

 Your Spells              Type           Power        Failure   Level  Hunger
a - Magic Dart            Conj           #...         7%          1    None
b - Blink                 Tloc           N/A          8%          2    #......
c - Call Imp              Summ           ##......     9%          2    #......
d - Conjure Flame         Conj/Fire      #.......     26%         3    ###....

Your spell library contained the following spells:

 Spells                   Type           Power        Failure   Level  Hunger
 Slow                     Hex            #.......     16%         2    #......
 Mephitic Cloud           Conj/Pois/Air  #.......     26%         3    ###....


Dungeon Overview and Level Annotations

Branches:
Dungeon (3/15)

Altars:
Trog

Annotations:
D:2 Sigmund
D:3 Grinder, Natasha


Innate Abilities, Weirdness & Mutations

You cannot wear armour.
You are incapable of wielding weapons or throwing items.
Your paws allow you to move quietly. (Stealth)
You have sharp claws.
You have razor-sharp teeth.
You have supernaturally acute eyesight. (SInv)
You are carnivorous and can eat meat at any time.
You cover ground quickly.
You are covered in fur. (AC +1)
You have a slow metabolism.
Your sharp claws are effective at attacking unaware monsters.
Your mind is very acute. (Int +4)


Message History

Aiming: Magic Dart (safe; 7% risk of failure)
Press: ? - help, Shift-Dir - straight line, f/p - orc
Aim: an orc, wielding a +0 mace of protection and wearing a +0 chain mail The magic dart hits the orc but does no damage.
The orc hits you with a +0 mace of protection.
Casting: Magic Dart (safe; 7% risk of failure)
Confirm with . or Enter, or press ? or * to list all spells.
Aiming: Magic Dart (safe; 7% risk of failure)
Press: ? - help, Shift-Dir - straight line, f/p - orc
Aim: an orc, wielding a +0 mace of protection and wearing a +0 chain mail The magic dart hits the orc but does no damage.
Natasha hisses angrily.
The orc hits you with a +0 mace of protection.
* * * LOW HITPOINT WARNING * * *
Natasha hisses.
Natasha mumbles some strange words.
You barely miss the orc. The gnoll completely misses you.
The orc hits you with a +0 mace of protection!
Ouch! That really hurt!
You die...

#..........##...†.#
#..........##.....#
#..h.......##.....####
#.........# #.........
#...5.....# #.#.#####.
#....g....# #.#.#####.
#...gg....###..[.<.##.
#####o####.........##.
########@# #.##.#.##.##<
##### #..
...#.####.##.#.......
....#
#.####.#...........##.###
###.#
#........####.##.#.##.# #
#.#####......#.# ..... .#
# #............#.# ###...
## # #######......#.# ...
# #........# #...# #
#.##.#.########


You could see Natasha, 3 gnolls, a white imp and an orc.

Vanquished Creatures
  2 oozes
  2 dart slugs
  An orc (D:2)
  3 ball pythons (D:2)
  2 bats
  10 goblins
  6 hobgoblins
  10 jackals
  A quokka (D:2)
  3 frilled lizards
  5 kobolds
  5 rats
50 creatures vanquished.

Vanquished Creatures (collateral kills)
  Robin (D:2)
  An adder (D:2)
  A giant cockroach (D:2)
  3 hobgoblins
  A jackal (D:2)
  2 kobolds (D:2)
  2 quokkas (D:2)
11 creatures vanquished.

Grand Total: 61 creatures vanquished

Notes
Turn   | Place    | Note
-------+----------+-------------------------------------------
     0 | D:1      | Masnef the Felid Wizard began the quest for the Orb.
     0 | D:1      | Reached XP level 1. HP: 7/7 MP: 5/5
   283 | D:1      | Reached skill level 1 in Unarmed Combat
   300 | D:1      | Reached XP level 2. HP: 3/11 MP: 0/7
   461 | D:1      | Learned a level 2 spell: Blink
   464 | D:1      | Learned a level 2 spell: Call Imp
  1551 | D:2      | Found a bloodstained altar of Trog.
  2011 | D:2      | Noticed Robin
  2014 | D:2      | Noticed Sigmund
  2026 | D:2      | Reached XP level 3. HP: 14/14 MP: 3/8
  2050 | D:2      | Learned a level 3 spell: Conjure Flame
  2996 | D:2      | Reached skill level 1 in Conjurations
  3325 | D:2      | Gained mutation: Your mind is acute. (Int +2) [potion of
                  | mutation]
  3325 | D:2      | Gained mutation: Your mind is very acute. (Int +4) [potion
                  | of mutation]
  4250 | D:2      | Killed Robin
  4250 | D:2      | Reached XP level 4. HP: 18/18 MP: 1/10
  5010 | D:3      | Noticed Natasha
  5192 | D:3      | Noticed Grinder
  5218 | D:3      | Slain by Grinder
  5219 | D:3      | Reached XP level 3. HP: -3/14 MP: 3/8
  5464 | D:3      | Slain by an orc

Skill      XL: |  1  2  3 |
---------------+----------+-----
Unarmed Combat | 1 2 |  2.6
Stealth        | 3 |  3.5
Conjurations   | 1 |  1.0
Dodging        | 3 |  3.0
Fighting       | |  0.2
Spellcasting   | |  3.4
Summonings     | |  1.5
Translocations | |  1.7

Action                   |  1- 3 |  4- 6 || total
-------------------------+-------+-------++-------
Melee: Unarmed           |   144 |    35 ||   179
       Bite              |    11 |     1 ||    12
 Cast: Magic Dart        |    47 |    20 ||    67
       Call Imp          |    13 |     4 ||    17
       Blink             |     5 |     1 ||     6
       Conjure Flame     |     1 |       ||     1
  Use: Scroll            |     1 |     2 ||     3
       Potion            |     3 |     2 ||     5
 Stab: Sleeping          |    12 |     1 ||    13
       Distracted        |     1 |       ||     1
  Eat: Chunk             |    14 |     3 ||    17
Armor: Skin              |     9 |     8 ||    17
Dodge: Dodged            |   163 |    56 ||   219
